 Dungeon Crawl Stone Soup version 0.17-a0-1738-g82cdc46 (webtiles) character file.

5116 kae the Severer (level 10, 0/77 HPs)
             Began as a Hill Orc Fighter on Aug 30, 2015.
             Was a Priest of Yredelemnul.
             Slain by Krapule's ghost (9 damage)
             ... on level 8 of the Dungeon.
             The game lasted 00:16:02 (9504 turns).

kae the Severer (Hill Orc Fighter)                  Turns: 9504, Time: 00:16:02

Health: 0/77       AC: 21    Str: 25    XL:     10   Next: 58%
Magic:  26/26      EV:  5    Int:  8    God:    Yredelemnul [***...]
Gold:   320        SH:  9    Dex: 13    Spells: 0 memorised, 9 levels left

rFire  . . .     SeeInvis .     a - +1 war axe
rCold  . . .     Clarity  .     H - +8 chain mail "Riutixt" {+Blink rElec MP+9}
rNeg   . . .     SustAt   .     c - +0 shield
rPois  .         Gourm    .     y - +2 helmet
rElec  +         Spirit   .     K - +0 cloak
rCorr  .         Warding  .     (no gloves)
rMut   .         Stasis   .     (no boots)
MR     .....                    v - amulet of faith
Stlth  ..........               x - +3 ring of dexterity
                                k - +2 ring of strength

@: drained, not resistant to hostile enchantments, extremely unstealthy
A: evolution 1
a: Animate Dead, Recall Undead Slaves, Injury Mirror, Renounce Religion, Evoke
Blink


You were on level 8 of the Dungeon.
You worshipped Yredelemnul.
Yredelemnul was most pleased with you.
You were hungry.

You visited 1 branch of the dungeon, and saw 8 of its levels.

You collected 320 gold pieces.

Inventory:

Hand weapons
 a - a +1 war axe (weapon)
 i - a +0 hand axe of chopping
Armour
 b - a +0 scale mail
 c - a +0 shield (worn)
 m - a +0 helmet
 y - a +2 helmet (worn)
 H - the +8 chain mail "Riutixt" (worn) {+Blink rElec MP+9}
   (You found it on level 7 of the Dungeon)

   It insulates you from electricity.
   It affects your magic capacity (+9).
   It lets you blink.
 K - a +0 cloak (worn)
Jewellery
 k - a +2 ring of strength (left hand)
 v - an amulet of faith (around neck)
 x - a +3 ring of dexterity (right hand)
 A - an uncursed ring of see invisible {unknown}
 D - a +2 ring of evasion {unknown}
 F - a +3 ring of protection {unknown}
Magical devices
 r - a wand of paralysis (2)
 w - a wand of random effects (27)
 B - a wand of slowing (40)
 E - a wand of draining (7)
 I - a wand of draining (2)
 M - a wand of frost (21)
Scrolls
 n - 3 scrolls of fog
 o - 2 scrolls of remove curse
 z - a scroll of identify
 N - 2 scrolls of enchant weapon
Potions
 f - a potion of flight
 g - a potion of resistance
 h - a potion of degeneration
 l - a potion of haste
 p - 2 potions of agility
 q - 2 potions of magic
 t - a potion of invisibility
 C - 2 potions of curing
 G - a potion of might
 P - a potion of mutation {unknown}
Books
 s - a book of Fire

   Spells                             Type                      Level
   a - Ignite Poison                  Fire/Transmutation/Poison    3
   b - Fireball                       Conjuration/Fire             5
   c - Bolt of Fire                   Conjuration/Fire             6
   d - Delayed Fireball               Conjuration/Fire             7
   e - Ring of Flames                 Charms/Fire                  7
Comestibles
 d - a meat ration
 e - 7 bread rations
 j - a fruit
 u - 2 royal jellies
 J - 3 beef jerkies
 L - 7 slices of pizza
 O - 5 chunks of flesh


   Skills:
 - Level 3.6(2.5) Fighting
 - Level 16.0(14.6) Axes
 - Level 3.2(2.2) Armour
 - Level 3.2(2.2) Shields
 + Level 10.3(9.0) Invocations


You had 9 spell levels left.
You didn't know any spells.

Dungeon Overview and Level Annotations

Branches:
Dungeon (8/15)             Temple (0/1) D:4
   Lair: D:8-11

Altars:
Ashenzari
Dithmenos
Elyvilon
Fedhas
Makhleb
Nemelex Xobeh
Ru
Sif Muna
Vehumet
Yredelemnul
Zin
The Shining One

Annotations:
D:8 Krapule's ghost, experienced MiFi


Innate Abilities, Weirdness & Mutations

You evolve.


Message History

Krapule's ghost is heavily damaged.
Your wight hits Krapule's ghost but does no damage.
Unknown command.
You closely miss Krapule's ghost.
Krapule's ghost is heavily damaged.
You block Krapule's ghost's attack.
Unknown command.
You hit Krapule's ghost.
Krapule's ghost is heavily damaged.
Your wight closely misses Krapule's ghost.
You block Krapule's ghost's attack.
You slash Krapule's ghost!
Krapule's ghost is severely damaged.
Your wight misses Krapule's ghost. Krapule's ghost hits you!
* * * LOW HITPOINT WARNING * * *
You hit Krapule's ghost but do no damage.
Krapule's ghost is severely damaged.
Krapule's ghost hits you!
You die...
Your body rises from the dead as a mindless zombie.

#......#.).....#.....##...#
#####+##).##...##'#####....
#..##...##....##...#
#...............<..#
'...................
##.###..###...#..... .##
##.###'########....# ....
#.........# #.####
.....#.W@......# ###
.....'.)z......#
...!.#)........# ....
#.........# .. ##+#####.##
###


You could see Krapule's ghost and a friendly wight.

Vanquished Creatures
  Pikel (D:7)
  Grinder (D:5)
  Sigmund (D:5)
  A human (D:7)
  2 water moccasins (D:7)
  An orc warrior (D:6)
  A sky beast (D:6)
  3 ice beasts
  3 phantoms
  4 slaves (D:7)
  6 ogres
  2 centaurs
  Blork the orc (D:4)
  3 giant frogs
  A gnoll sergeant (D:7)
  5 wights
  A scorpion (D:6)
  An electric eel (D:7)
  The ghost of cireshan the Conjurer, a weakling DECj (D:3)
  2 crimson imps
  2 jellies (D:5)
  3 centaur skeletons
  Crazy Yiuf (D:7)
  A gnoll shaman (D:6)
  2 orc priests
  3 hounds
  A giant frog skeleton (D:7)
  4 worker ants
  An iguana (D:6)
  6 orc wizards
  4 sheep (D:7)
  2 hound skeletons (D:5)
  13 adders
  10 gnolls
  3 shadow imps
  2 oozes
  3 adder skeletons
  2 worms (D:2)
  6 giant geckos
  27 orcs
  10 bats
  5 giant cockroaches
  5 goblins
  8 hobgoblins
  9 kobolds
  2 quokkas
  A giant gecko zombie (D:7)
  4 giant newts
  11 jackals
  A jackal zombie (D:6)
  A quokka zombie (D:6)
  10 rats
204 creatures vanquished.

Vanquished Creatures (collateral kills)
  Erolcha (D:8)
  A centaur (D:7)
  A wight (D:8)
  An electric eel (D:7)
  An orc wizard (D:8)
  An adder (D:7)
  A worker ant (D:6)
  A worker ant zombie (D:7)
  3 gnolls (D:7)
  2 orcs
13 creatures vanquished.

Vanquished Creatures (others)
  A water moccasin zombie (D:7)
  A sky beast zombie (D:6)
  2 orc zombies
  An orc skeleton (D:7)
  7 plants (D:7)
12 creatures vanquished.

Grand Total: 229 creatures vanquished

Notes
Turn   | Place    | Note
--------------------------------------------------------------
     0 | D:1      | kae the Hill Orc Fighter began the quest for the Orb.
     0 | D:1      | Reached XP level 1. HP: 19/19 MP: 1/1
    76 | D:1      | Reached XP level 2. HP: 15/26 MP: 2/2
   173 | D:1      | Reached skill level 4 in Axes
   449 | D:2      | Reached XP level 3. HP: 31/31 MP: 3/3
  1051 | D:2      | Found a basalt altar of Yredelemnul.
  1058 | D:2      | Reached skill level 5 in Axes
  1063 | D:2      | Became a worshipper of Yredelemnul the Dark
  1085 | D:2      | Reached XP level 4. HP: 39/39 MP: 4/4
  1392 | D:2      | Reached skill level 6 in Axes
  1411 | D:3      | Noticed an ogre
  1553 | D:2      | Acquired Yredelemnul's first power
  1792 | D:3      | Reached XP level 5. HP: 35/45 MP: 5/5
  1905 | D:3      | Reached skill level 7 in Axes
  1930 | D:3      | Noticed cireshan's ghost (weakling DECj)
  1933 | D:3      | Killed cireshan's ghost
  2072 | D:3      | Found a glowing golden altar of the Shining One.
  2072 | D:3      | Found a sacrificial altar of Ru.
  2076 | D:3      | Found a glowing silver altar of Zin.
  2079 | D:3      | Found a sparkling altar of Nemelex Xobeh.
  2079 | D:3      | Found a shadowy altar of Dithmenos.
  2080 | D:3      | Found a white marble altar of Elyvilon.
  2080 | D:3      | Found a radiant altar of Vehumet.
  2081 | D:3      | Found a deep blue altar of Sif Muna.
  2082 | D:3      | Found a burning altar of Makhleb.
  2084 | D:3      | Found a blossoming altar of Fedhas.
  2421 | D:3      | Killed an ogre
  2421 | D:3      | Reached skill level 8 in Axes
  2421 | D:3      | Reached XP level 6. HP: 26/51 MP: 6/6
  2638 | D:4      | Reached skill level 9 in Axes
  2857 | D:4      | Reached XP level 7. HP: 41/57 MP: 7/7
  3174 | D:4      | Reached skill level 10 in Axes
  3528 | D:4      | Found a staircase to the Ecumenical Temple.
  3775 | D:4      | Acquired Yredelemnul's second power
  3778 | D:4      | Noticed Blork the orc
  3783 | D:4      | Killed Blork the orc
  3783 | D:4      | Reached skill level 11 in Axes
  4143 | D:5      | Entered Level 5 of the Dungeon
  4485 | D:5      | Reached XP level 8. HP: 64/64 MP: 8/8
  4499 | D:5      | Noticed Sigmund
  4507 | D:5      | Killed Sigmund
  4507 | D:5      | Reached skill level 12 in Axes
  4867 | D:5      | Noticed Grinder
  4879 | D:5      | Killed Grinder
  4879 | D:5      | Reached skill level 13 in Axes
  5352 | D:5      | Found a shattered altar of Ashenzari.
  5491 | D:5      | Reached skill level 14 in Axes
  5491 | D:5      | Reached XP level 9. HP: 43/70 MP: 9/9
  6078 | D:6      | Acquired Yredelemnul's third power
  6106 | D:6      | Reached skill level 15 in Axes
  6403 | D:6      | Found a shadowy altar of Dithmenos.
  7525 | D:7      | Got a transparent chain mail
  7542 | D:7      | Identified the +8 chain mail "Riutixt" {+Blink rElec MP+9} (You found it on level 7 of the Dungeon)
  7742 | D:7      | Reached skill level 16 in Axes
  7952 | D:7      | Noticed Crazy Yiuf
  7957 | D:7      | Killed Crazy Yiuf
  7957 | D:7      | Reached skill level 1 in Invocations
  8010 | D:7      | Noticed Pikel
  8010 | D:7      | Paralysed by Pikel for 2 turns
  8017 | D:7      | Gained mutation: You evolve. [potion of beneficial mutation]
  8022 | D:7      | Paralysed by Pikel for 4 turns
  8033 | D:7      | Paralysed by Pikel for 7 turns
  8042 | D:7      | Killed Pikel
  8042 | D:7      | Reached skill level 5 in Invocations
  8042 | D:7      | Reached XP level 10. HP: 73/77 MP: 14/14
  8680 | D:7      | Received a gift from Yredelemnul
  9122 | D:8      | Noticed Erolcha
  9123 | D:8      | Noticed Krapule's ghost (experienced MiFi)
  9131 | D:8      | Killed Erolcha
  9148 | D:8      | Reached skill level 10 in Invocations
  9504 | D:8      | Slain by Krapule's ghost

Vault maps used:
D:1:      dpeg_arrival_long_road
D:2:      yredelemnul_altar_generic
D:3:      minitemple
D:4:      minmay_temple_entry_statues_fountains, minmay_cut_off,
          uniq_blork_the_orc
D:5:      first_bread, nicolae_ashenzari_panopticon, uniq_sigmund, uniq_grinder
D:6:      lightli_sewer_entry_pipes, nrook_loot_triangle,
          nicolae_dithmenos_through_a_glass_darkly
D:7:      wad_lake_hut, grunt_livestock, uniq_crazy_yiuf_cottage, uniq_pikel
D:8:      serial_shops, shop_fountains, uniq_erolcha

Action                   |  1- 3 |  4- 6 |  7- 9 | 10-12 || total
-------------------------+-------+-------+-------+-------++-------
Melee: War axe           |    84 |   155 |   372 |   198 ||   809
Invok: Injury Mirror     |       |       |     2 |     1 ||     3
       Animate Remains   |       |       |     2 |       ||     2
       Animate Dead      |       |       |       |     4 ||     4
Evoke: Wand              |       |       |     1 |       ||     1
  Use: Scroll            |       |     7 |     6 |     4 ||    17
       Potion            |       |       |     4 |     1 ||     5
 Stab: Distracted        |       |       |       |     1 ||     1
  Eat: Chunk             |       |     6 |    13 |     1 ||    20
       Fruit             |       |       |     2 |       ||     2
       Royal jelly       |       |       |     1 |       ||     1
       Bread ration      |       |       |       |     1 ||     1
